 Dungeon Crawl Stone Soup version 0.29-a0-322-g68df515428 (webtiles) character file.

Game seed: 7540440992803537946

420 bande the Chopper (level 6, -1/39 HPs)
             Began as a Gargoyle Fighter on Apr 9, 2022.
             Slain by a gnoll
             ... wielding a +0 flail of protection
              (7 damage)
             ... on level 4 of the Dungeon.
             The game lasted 00:06:53 (3491 turns).

bande the Chopper (Gargoyle Fighter)                Turns: 3491, Time: 00:06:53

Health: -1/39      AC: 17    Str: 19      XL:     6   Next: 94%
Magic:  6/6        EV:  5    Int:  9      God:
Gold:   173        SH:  5    Dex: 15 (17) Spells: 5/5 levels left

rFire   . . .      SeeInvis .   a - +0 war axe
rCold   . . .      Faith    .   c - +0 buckler
rNeg    + . .      Spirit   .   o - +0 plate armour
rPois   ∞          Reflect  .   g - +0 helmet
rElec   +          Harm     .   (no cloak)
rCorr   .          Rampage  .   (no gloves)
Will    .....                   (no boots)
Stlth   ..........              (no amulet)
HPRegen 0.13/turn               k - ring of flight
MPRegen 0.10/turn               d - +6 ring of dexterity

@: flying
A: sickness immunity, AC +4, negative energy resistance 1, electricity
resistance, torment resistance 1, petrification resistance
a: no special abilities


You were on level 4 of the Dungeon.
You visited 1 branch of the dungeon, and saw 4 of its levels.

You collected 173 gold pieces.

Inventory:

Hand Weapons
 a - a +0 war axe (weapon)
 i - a +0 flail
Armour
 c - a +0 buckler (worn)
 g - a +0 helmet (worn)
 o - a +0 plate armour (worn)
Jewellery
 d - a +6 ring of dexterity (right hand)
 k - a ring of flight (left hand)
 m - a ring of protection from cold
Scrolls
 b - a scroll of fog {unknown}
 e - a scroll of teleportation
 f - 5 scrolls of identify
Potions
 h - a potion of heal wounds
 j - 2 potions of invisibility
 l - a potion of haste


   Skills:
 + Level 4.6 Fighting
 + Level 4.7 Axes
 + Level 4.6 Armour
 + Level 4.2 Shields


You had 5 spell levels left.
You didn't know any spells.
Your spell library contained the following spells:

 Spells                   Type           Power      Damage    Failure   Level
 Static Discharge         Conj/Air       0%         N/A       100%        2
 Ozocubu's Armour         Ice            0%         N/A       100%        3
 Dispel Undead            Necr           0%         3d6       100%        4
 Petrify                  Tmut/Erth      0%         N/A       100%        4
 Sticky Flame             Conj/Fire      0%         2d3       100%        4
 Irradiate                Conj/Tmut      0%         3d13      100%        5
 Metabolic Englaciation   Hex/Ice        0%         N/A       100%        5
 Simulacrum               Ice/Necr       0%         N/A       100%        6
 Sublimation of Blood     Necr           Unusable   N/A       N/A         2

Dungeon Overview and Level Annotations

Branches:
Dungeon (4/15)
 Temple: D:4-7

Altars:


Innate Abilities, Weirdness & Mutations

You are immune to sickness and miasma.
Your stone body is resilient. (AC +4)
You are immune to poison.
You resist negative energy. (rN+)
You are resistant to electric shocks. (rElec)
You are resistant to unholy torment.
You are immune to petrification.


Message History

The gnoll is severely wounded.
You block the gnoll's attack.
You hit the gnoll but do no damage.
The gnoll is severely wounded.
The gnoll hits you from afar with a +0 halberd.
You block the gnoll's attack.
You slash the gnoll!
You kill the gnoll!
You hit the gnoll but do no damage. The gnoll hits you but does no damage.
The gnoll shaman hits you with a +0 whip.
The gnoll hits you but does no damage.
The gnoll hits you from afar with a +0 halberd.
You hit the gnoll shaman.
The gnoll shaman is lightly wounded.
You slash the gnoll! You completely miss the gnoll. You hit the gnoll.
The gnoll hits you but does no damage.
The gnoll hits you with a +0 flail of protection.
The gnoll hits you but does no damage.
The gnoll shaman calls upon its god to heal the gnoll.
The gnoll's wounds heal themselves!
The gnoll hits you with a +0 whip! The gnoll attacks as you move away!
The gnoll hits you with a +0 whip. The gnoll attacks as you move away!
The gnoll hits you but does no damage. The gnoll barely misses you.
The gnoll attacks as you move away! The gnoll hits you but does no damage.
The gnoll shaman calls upon its god to speed up the gnoll.
The gnoll seems to speed up.
The gnoll attacks as you move away! The gnoll hits you but does no damage.
The gnoll shaman calls upon its god to speed up the gnoll.
The gnoll seems to speed up.
The gnoll attacks as you move away! The gnoll barely misses you.
The gnoll attacks as you move away! The gnoll hits you with a +0 whip.
The gnoll attacks as you move away! The gnoll hits you but does no damage.
The gnoll attacks as you move away! The gnoll hits you with a +0 whip.
The gnoll hits you but does no damage.
The gnoll hits you from afar with a +0 halberd.
* * * LOW HITPOINT WARNING * * *
There is a stone staircase leading up here.
The gnoll hits you but does no damage. x2; You block the gnoll's attack.
The gnoll hits you with a +0 flail of protection!
You die...

.... .......
.........
#.........
#..........
##..........
####...........
...##..@......=....
......ggg.........#
#.....g...........#
##......g.........#
#................#
#..........$.....#
#..........)......
#.................
#$...#..........?.


You could see a gnoll shaman and 4 gnolls.

Vanquished Creatures
  The ghost of fabreeze the Skirmisher, an amateur DsAr of Dithmenos (D:3)
  A centaur (D:3)
  4 quasits (D:3)
  4 gnolls
  3 adders
  2 dart slugs (D:2)
  An orc (D:3)
  6 endoplasms
  4 giant cockroaches
  8 goblins
  4 hobgoblins
  4 jackals
  2 quokkas
  5 ball pythons
  6 bats
  5 frilled lizards
  6 kobolds
  8 rats
74 creatures vanquished.

Notes
Turn   | Place    | Note
-------+----------+-------------------------------------------
     0 | D:1      | bande the Gargoyle Fighter began the quest for the Orb.
     0 | D:1      | Reached XP level 1. HP: 14/14 MP: 1/1
   282 | D:1      | Reached XP level 2. HP: 13/19 MP: 2/2
  1000 | D:2      | Reached XP level 3. HP: 15/23 MP: 3/3
  1418 | D:2      | Reached XP level 4. HP: 29/29 MP: 4/4
  1953 | D:3      | Found a faded altar of an unknown god.
  2268 | D:3      | Found a transporter.
  2271 | D:3      | Noticed a centaur
  2279 | D:3      | Killed a centaur
  2280 | D:3      | Reached XP level 5. HP: 18/33 MP: 5/5
  2525 | D:3      | Found a transporter.
  2526 | D:3      | Noticed fabreeze's ghost (amateur DsAr)
  3183 | D:3      | Reached XP level 6. HP: 30/38 MP: 6/6
  3194 | D:3      | Killed fabreeze's ghost
  3491 | D:4      | Slain by a gnoll

Illustrated notes

Levels and vault maps discovered:
D:1:      zelgadis_glass_arrival_small, layout_basic, minmay_misc_feat_tower,
          minmay_tetromino_l4
D:2:      layout_basic, minmay_rat_gold_closets
D:3:      layout_rooms, shapermc_ecumenical_altar_starsandcircs,
          gammafunk_ghost_stat_death, hangedman_glass_teeth,
          hangedman_decor_lopped
D:4:      layout_layer_cave, grunt_temple_overflow_open,
          ebering_ghost_disaster_area, minmay_vboxes

Skill      XL: |  1  2  3  4  5 |
---------------+----------------+-----
Axes           | 2 3 4 |  4.7
Fighting       | 4 |  4.6
Armour         | 4 |  4.6
Shields        | 4 |  4.2

Action                   |  1- 3 |  4- 6 || total
-------------------------+-------+-------++-------
Melee: War axe           |    96 |    85 ||   181
  Use: Scroll            |     7 |     1 ||     8
       Potion            |       |     1 ||     1
Armor: Scale mail        |    54 |    27 ||    81
       Chain mail        |       |    87 ||    87
       Plate armour      |       |    11 ||    11
Dodge: Dodged            |    44 |    81 ||   125
Block: Buckler           |    21 |    39 ||    60

Table legend: (Time is in decaauts)
 A = Elapsed time spent in this place.
 B = Non-inter-level travel time spent in this place.
 C = Inter-level travel time spent in this place.
 D = Time resting spent in this place.
 E = Time spent auto-exploring this place.
 F = Levels seen in this place.
 G = Mean time per level.
                   A        B        C        D        E       F      G
               +--------+--------+--------+--------+--------+-----+--------+
         Total |   3563 |   3455 |    108 |    675 |   2155 |   4 |  890.8 |
       Dungeon |   3563 |   3455 |    108 |    675 |   2155 |   4 |  890.8 |
               +--------+--------+--------+--------+--------+-----+--------+

Top non-repeatable levels by time:
     D:3: 1435 daAuts
     D:2: 1168 daAuts
     D:1: 942 daAuts
     D:4: 17 daAuts
